PL
PHOENIX HOTSPUR @ CALIFORNIA OCEANLINERS
09/19/2021
 
TOP OF THE 1ST
Phoenix Hotspur batting - Pitching for California Oceanliners : RHP Kuemon Hirata
Pitching: RHP Kuemon Hirata
Batting: SHB Dave Orchard 0-0: Called Strike
0-1: Ball
1-1: Called Strike
1-2: Ball
2-2: Ball
3-2: Reached on error, E4 (Groundball, 34)
Batting: RHB Terry Armstrong 0-0: Ball
1-0: 2-RUN HOME RUN (Flyball, 7D), Distance : 375 ft
Batting: LHB Pedro Willis 0-0: Called Strike
0-1: Called Strike
0-2: Ball
1-2: SINGLE (Groundball, 4MD)
Batting: RHB Pedro Torrez 0-0: Ball
1-0: Called Strike
1-1: Foul Ball, location: 2F
1-2: Ball
2-2: Ball
3-2: SINGLE (Groundball, 25) (infield hit)
Pedro Willis to second
Batting: LHB Mike Pace 0-0: Ball
1-0: Ball
2-0: Ball
3-0: Base on Balls
Pedro Willis to third
Pedro Torrez to second
Pitching: LHP Lee Branch
Batting: RHB Pablo León 0-0: Ball
1-0: Called Strike
1-1: Called Strike
1-2: Foul Ball, location: 2F
1-2: Foul Ball, location: 2F
1-2: Ball
2-2: DOUBLE (Groundball, 3D)
Pedro Willis scores
Pedro Torrez scores
Mike Pace to third
Batting: RHB Raúl González 0-0: Foul Ball, location: 2F
0-1: Ball
1-1: Ball
2-1: Swinging Strike
2-2: Ball
3-2: Foul Ball, location: 2F
3-2: Foul Ball, location: 2F
3-2: Foul Ball, location: 2F
3-2: Base on Balls
Batting: LHB Ken Norman 0-0: Swinging Strike
0-1: Ball
1-1: Ball
2-1: Fly out, F5 (Popup, 5SF)
Batting: RHB Juan Aguirre 0-0: SINGLE (Groundball, 56)
Mike Pace scores
Pablo León to third
Raúl González to second
Runner from 3rd tries for Home, SAFE, throw made home
Raúl González to third
Juan Aguirre to second
Batting: SHB Dave Orchard 0-0: Fly out, F5 (Popup, 25F)
Batting: RHB Terry Armstrong 0-0: Ball
1-0: Called Strike
1-1: Ball
Wild Pitch!
Raúl González scores
Juan Aguirre to third
2-1: Ball
3-1: Called Strike
3-2: Ground out 5-3 (Groundball, 56)
Top of the 1st over - 7 run(s), 5 hit(s), 1 error(s), 1 left on base; Phoenix 7 - California 0
BOTTOM OF THE 1ST
California Oceanliners batting - Pitching for Phoenix Hotspur : RHP John Brown
Pitching: RHP John Brown
Batting: RHB Dan Mendoza 0-0: Ball
1-0: Ball
2-0: Called Strike
2-1: Ball
3-1: Base on Balls
Batting: RHB Kyle Bywaters 0-0: Called Strike
0-1: Called Strike
0-2: SINGLE (Groundball, 6D) (infield hit)
Dan Mendoza to second
Batting: SHB Vasco Paradela 0-0: Grounds into double play, 6-4-3 (Groundball, 6)
Dan Mendoza to third
Batting: RHB Lawrence Bell 0-0: Ball
1-0: Called Strike
1-1: Foul Ball, location: 2F
1-2: Foul Ball, location: 2F
1-2: Ball
2-2: Ball
3-2: Fly out, F9 (Flyball, 9M)
Bottom of the 1st over - 0 run(s), 1 hit(s), 0 error(s), 1 left on base; Phoenix 7 - California 0
TOP OF THE 2ND
Phoenix Hotspur batting - Pitching for California Oceanliners : LHP Lee Branch
Batting: LHB Pedro Willis 0-0: Ball
1-0: Called Strike
1-1: Ball
2-1: Foul Ball, location: 2F
2-2: Ground out 6-3 (Groundball, 6M)
Batting: RHB Pedro Torrez 0-0: Ball
1-0: Called Strike
1-1: Ground out 5-3 (Groundball, 56S)
Batting: LHB Mike Pace 0-0: Ball
1-0: Ball
2-0: Ball
3-0: Ground out 1-3 (Groundball, 25)
Top of the 2nd over - 0 run(s), 0 hit(s), 0 error(s), 0 left on base; Phoenix 7 - California 0
BOTTOM OF THE 2ND
California Oceanliners batting - Pitching for Phoenix Hotspur : RHP John Brown
Batting: RHB Nathan Clay 0-0: Called Strike
0-1: Foul Ball, location: 2F
0-2: Ball
1-2: Fly out, F9 (Flyball, 89XD)
Batting: LHB George Valentine 0-0: Ball
1-0: Foul Ball, location: 2F
1-1: Ball
2-1: Foul Ball, location: 2F
2-2: Foul Ball, location: 2F
2-2: Ball
3-2: SINGLE (Groundball, 4MD)
Batting: RHB Kurt Chappell 0-0: Called Strike
0-1: Ball
1-1: Ball
2-1: Called Strike
2-2: Foul Ball, location: 2F
2-2: Strikes out swinging
Batting: RHB Jesús Martínez 0-0: Ball
1-0: Fly out, F3 (Popup, 3F)
Bottom of the 2nd over - 0 run(s), 1 hit(s), 0 error(s), 1 left on base; Phoenix 7 - California 0
TOP OF THE 3RD
Phoenix Hotspur batting - Pitching for California Oceanliners : LHP Lee Branch
Batting: RHB Pablo León 0-0: Ball
1-0: Called Strike
1-1: Ball
2-1: Ball
3-1: Swinging Strike
3-2: Strikes out swinging
Batting: RHB Raúl González 0-0: Ball
1-0: Called Strike
1-1: Foul Ball, location: 2F
1-2: Strikes out swinging
Batting: LHB Ken Norman 0-0: Called Strike
0-1: Swinging Strike
0-2: Strikes out looking
Top of the 3rd over - 0 run(s), 0 hit(s), 0 error(s), 0 left on base; Phoenix 7 - California 0
BOTTOM OF THE 3RD
California Oceanliners batting - Pitching for Phoenix Hotspur : RHP John Brown
Batting: RHB Bernardo Herrera 0-0: Called Strike
0-1: Swinging Strike
0-2: Ball
1-2: Ball
2-2: Ground out 5-3 (Groundball, 56S)
Batting: RHB Dan Mendoza 0-0: SINGLE (Flyball, 9S)
Batting: RHB Kyle Bywaters 0-0: Called Strike
0-1: Ball
1-1: Fly out, F8 (Flyball, 8RM)
Batting: SHB Vasco Paradela 0-0: Called Strike
0-1: Ball
Dan Mendoza steals 2nd base
1-1: Ball
2-1: Fly out, F7 (Flyball, 78M)
Bottom of the 3rd over - 0 run(s), 1 hit(s), 0 error(s), 1 left on base; Phoenix 7 - California 0
TOP OF THE 4TH
Phoenix Hotspur batting - Pitching for California Oceanliners : LHP Lee Branch
Batting: RHB Juan Aguirre 0-0: Ball
1-0: Ground out 4-3 (Groundball, 4)
Batting: SHB Dave Orchard 0-0: Ball
1-0: Fly out, F8 (Flyball, 8LD)
Batting: RHB Terry Armstrong 0-0: Called Strike
0-1: Ball
1-1: Ball
2-1: Ball
3-1: Foul Ball, location: 2F
3-2: SOLO HOME RUN (Flyball, 8LXD), Distance : 433 ft
Batting: LHB Pedro Willis 0-0: Ball
1-0: Ground out U3 (Groundball, 3S)
Top of the 4th over - 1 run(s), 1 hit(s), 0 error(s), 0 left on base; Phoenix 8 - California 0
BOTTOM OF THE 4TH
California Oceanliners batting - Pitching for Phoenix Hotspur : RHP John Brown
Batting: RHB Lawrence Bell 0-0: Fly out, F6 (Popup, 6MD)
Batting: RHB Nathan Clay 0-0: DOUBLE (Line Drive, 3)
Batting: LHB George Valentine 0-0: Ball
Nathan Clay steals 3rd base
1-0: Called Strike
1-1: Foul Ball, location: 2F
1-2: Foul Ball, location: 2F
1-2: Ball
2-2: Strikes out swinging
Pitching: LHP Wes Hamm
Batting: RHB Kurt Chappell 0-0: Called Strike
0-1: Ball
1-1: Foul Ball, location: 2F
1-2: Strikes out looking
Bottom of the 4th over - 0 run(s), 1 hit(s), 0 error(s), 1 left on base; Phoenix 8 - California 0
TOP OF THE 5TH
Phoenix Hotspur batting - Pitching for California Oceanliners : LHP Lee Branch
Batting: RHB Pedro Torrez 0-0: Called Strike
0-1: Ball
1-1: Swinging Strike
1-2: Strikes out swinging
Batting: LHB Mike Pace 0-0: Ground out 4-3 (Groundball, 4)
Batting: RHB Pablo León 0-0: Foul Ball, location: 2F
0-1: Ball
1-1: Swinging Strike
1-2: Ball
2-2: Ball
3-2: Strikes out swinging
Top of the 5th over - 0 run(s), 0 hit(s), 0 error(s), 0 left on base; Phoenix 8 - California 0
BOTTOM OF THE 5TH
California Oceanliners batting - Pitching for Phoenix Hotspur : LHP Wes Hamm
Batting: RHB Jesús Martínez 0-0: Ball
1-0: Swinging Strike
1-1: Swinging Strike
1-2: Ball
2-2: Foul Ball, location: 2F
2-2: Strikes out swinging
Batting: RHB Bernardo Herrera 0-0: Fly out, F8 (Flyball, 8LM)
Batting: RHB Dan Mendoza 0-0: Called Strike
0-1: Ball
1-1: Swinging Strike
1-2: Ball
2-2: Ground out 5-3 (Groundball, 56)
Bottom of the 5th over - 0 run(s), 0 hit(s), 0 error(s), 0 left on base; Phoenix 8 - California 0
TOP OF THE 6TH
Phoenix Hotspur batting - Pitching for California Oceanliners : LHP Lee Branch
Pitching: RHP Eduardo Molina
Batting: RHB Raúl González 0-0: Swinging Strike
0-1: Ball
1-1: Ground out 5-3 (Groundball, 56)
Batting: LHB Ken Norman 0-0: Swinging Strike
0-1: Ball
1-1: DOUBLE (Line Drive, 9LM)
Batting: RHB Juan Aguirre 0-0: Ball
1-0: Foul Ball, location: 2F
1-1: Ball
2-1: Foul Ball, location: 2F
2-2: SINGLE (Line Drive, 8LS)
Ken Norman to third
Runner from 3rd tries for Home, SAFE, throw made home
Batting: SHB Dave Orchard 0-0: Ball
1-0: Swinging Strike
1-1: SINGLE (Groundball, 34D)
Juan Aguirre to second
Runner from 2nd tries for 3rd, SAFE, throw made to third
Batting: RHB Terry Armstrong 0-0: Foul Ball, location: 2F
0-1: Ball
1-1: Ball
2-1: Ball
3-1: Foul Ball, location: 2F
3-2: Base on Balls
Dave Orchard to second
Batting: LHB Pedro Willis 0-0: Called Strike
0-1: Fly out, F8 (Flyball, 89D)
Runner from 3rd tags up, SCORES, no throw
Dave Orchard to third
Pitching: RHP Lance Hodges
Batting: RHB Pedro Torrez 0-0: Foul Ball, location: 2F
0-1: Fly out, F4 (Popup, 34D)
Top of the 6th over - 2 run(s), 3 hit(s), 0 error(s), 2 left on base; Phoenix 10 - California 0
BOTTOM OF THE 6TH
California Oceanliners batting - Pitching for Phoenix Hotspur : LHP Wes Hamm
Now in RF: Casey Bright
Batting: RHB Kyle Bywaters 0-0: Bunted foul
0-1: SINGLE (Line Drive, 4MD)
Batting: SHB Vasco Paradela 0-0: Called Strike
0-1: Ball
1-1: Called Strike
1-2: Ball
2-2: Strikes out swinging
Batting: RHB Lawrence Bell 0-0: Ball
1-0: Called Strike
Kyle Bywaters is caught stealing 2nd base
1-1: Swinging Strike
1-2: Strikes out swinging
Bottom of the 6th over - 0 run(s), 1 hit(s), 0 error(s), 0 left on base; Phoenix 10 - California 0
TOP OF THE 7TH
Phoenix Hotspur batting - Pitching for California Oceanliners : RHP Lance Hodges
Pitching: RHP Robert Dickinson
Batting: LHB Mike Pace 0-0: Called Strike
0-1: Fly out, F9 (Flyball, 9D)
Batting: RHB Pablo León 0-0: Ball
1-0: Foul Ball, location: 2F
1-1: Called Strike
1-2: Strikes out swinging
Batting: RHB Raúl González 0-0: Ball
1-0: Foul Ball, location: 2F
1-1: Ground out 4-3 (Groundball, 4)
Top of the 7th over - 0 run(s), 0 hit(s), 0 error(s), 0 left on base; Phoenix 10 - California 0
BOTTOM OF THE 7TH
California Oceanliners batting - Pitching for Phoenix Hotspur : LHP Wes Hamm
Batting: RHB Nathan Clay 0-0: Called Strike
0-1: Swinging Strike
0-2: Foul Ball, location: 2F
0-2: Ball
1-2: Strikes out swinging
Batting: LHB George Valentine 0-0: Called Strike
0-1: Ball
1-1: Called Strike
1-2: Foul Ball, location: 2F
1-2: Strikes out swinging
Batting: RHB Kurt Chappell 0-0: Called Strike
0-1: Foul Ball, location: 2F
0-2: Ball
1-2: SINGLE (Line Drive, 7S)
Batting: RHB Jesús Martínez 0-0: Hit by Pitch
Kurt Chappell to second
Batting: RHB Bernardo Herrera 0-0: Foul Ball, location: 2F
0-1: DOUBLE (Groundball, 5L)
Kurt Chappell scores
Jesús Martínez to third
Runner from 3rd tries for Home, SAFE, throw made at trailing runner, SAFE at third!
Batting: RHB Dan Mendoza 0-0: Foul Ball, location: 2F
0-1: Ball
1-1: Ball
2-1: Foul Ball, location: 2F
2-2: Ball
3-2: Base on Balls
Batting: RHB Kyle Bywaters 0-0: Ball
1-0: Ball
2-0: Swinging Strike
2-1: Foul Ball, location: 2F
2-2: Ball
3-2: Base on Balls
Dan Mendoza to second
Pitching: RHP Alin Oanta
Batting: SHB Vasco Paradela 0-0: Called Strike
0-1: Ball
1-1: Ball
2-1: Ball
3-1: Swinging Strike
3-2: Base on Balls
Bernardo Herrera scores
Dan Mendoza to third
Kyle Bywaters to second
Batting: RHB Lawrence Bell 0-0: Foul Ball, location: 2F
0-1: DOUBLE (Line Drive, 5L)
Dan Mendoza scores
Kyle Bywaters scores
Vasco Paradela to third
Runner from 3rd tries for Home, SAFE, no throw or cutoff
Batting: RHB Nathan Clay 0-0: Ball
1-0: Ball
2-0: Ball
3-0: Called Strike
3-1: Ground out 5-3 (Groundball, 5S)
Bottom of the 7th over - 6 run(s), 3 hit(s), 0 error(s), 1 left on base; Phoenix 10 - California 6
TOP OF THE 8TH
Phoenix Hotspur batting - Pitching for California Oceanliners : RHP Robert Dickinson
Batting: LHB Ken Norman 0-0: Called Strike
0-1: Foul Ball, location: 2F
0-2: Strikes out swinging
Batting: RHB Juan Aguirre 0-0: Ball
1-0: Called Strike
1-1: Foul Ball, location: 2F
1-2: Foul Ball, location: 2F
1-2: Strikes out swinging
Batting: SHB Dave Orchard 0-0: Ball
1-0: Ball
2-0: Foul Ball, location: 2F
2-1: Foul Ball, location: 2F
2-2: Hit by Pitch
Batting: RHB Terry Armstrong 0-0: Ball
1-0: Ball
2-0: Foul Ball, location: 2F
2-1: Ball
3-1: Base on Balls
Dave Orchard to second
Batting: LHB Casey Bright 0-0: Ball
1-0: Ball
2-0: Foul Ball, location: 2F
2-1: Ball
3-1: Foul Ball, location: 2F
3-2: Foul Ball, location: 2F
3-2: Strikes out swinging
Top of the 8th over - 0 run(s), 0 hit(s), 0 error(s), 2 left on base; Phoenix 10 - California 6
BOTTOM OF THE 8TH
California Oceanliners batting - Pitching for Phoenix Hotspur : RHP Alin Oanta
Batting: LHB George Valentine 0-0: Foul Ball, location: 2F
0-1: Ball
1-1: Ground out 3-1 (Groundball, 34)
Batting: RHB Kurt Chappell 0-0: Called Strike
0-1: Ball
1-1: Ground out 1-3 (Groundball, 15)
Batting: RHB Jesús Martínez 0-0: Ball
1-0: Ball
2-0: SINGLE (Line Drive, 5L)
Batting: RHB Bernardo Herrera 0-0: SINGLE (Line Drive, 56D)
Jesús Martínez to second
Pitching: RHP Craig Gasnier
Batting: RHB Dan Mendoza 0-0: Foul Ball, location: 2F
0-1: Foul Ball, location: 2F
0-2: Ball
1-2: Strikes out swinging
Bottom of the 8th over - 0 run(s), 2 hit(s), 0 error(s), 2 left on base; Phoenix 10 - California 6
TOP OF THE 9TH
Phoenix Hotspur batting - Pitching for California Oceanliners : RHP Robert Dickinson
Batting: RHB Pedro Torrez 0-0: Foul Ball, location: 2F
0-1: Ground out 5-3 (Groundball, 5)
Batting: LHB Mike Pace 0-0: Called Strike
0-1: Ball
1-1: Ball
2-1: SINGLE (Flyball, 8RS)
Batting: RHB Pablo León 0-0: Swinging Strike
0-1: Called Strike
0-2: Strikes out swinging
Batting: RHB Raúl González 0-0: Called Strike
0-1: Fly out, F4 (Line Drive, 4M)
Top of the 9th over - 0 run(s), 1 hit(s), 0 error(s), 1 left on base; Phoenix 10 - California 6
BOTTOM OF THE 9TH
California Oceanliners batting - Pitching for Phoenix Hotspur : RHP Craig Gasnier
Batting: RHB Kyle Bywaters 0-0: SINGLE (Line Drive, 9S)
Pitching: RHP Cory Sanders
Batting: SHB Vasco Paradela 0-0: Called Strike
0-1: Ball
1-1: Foul Ball, location: 2F
1-2: Fly out, F7 (Flyball, 7LS)
Batting: RHB Lawrence Bell 0-0: Foul Ball, location: 2F
0-1: Ball
1-1: Swinging Strike
1-2: Foul Ball, location: 2F
1-2: Ball
2-2: Strikes out looking
Batting: RHB Nathan Clay 0-0: Ball
1-0: Ball
2-0: Ball
3-0: Called Strike
3-1: Called Strike
3-2: Base on Balls
Kyle Bywaters to second
Pitching: RHP Miguel Herrera
Batting: LHB George Valentine 0-0: Foul Ball, location: 2F
0-1: Swinging Strike
0-2: Ball
1-2: Ball
2-2: Ball
3-2: Ground out 3-1 (Groundball, 34S)
Bottom of the 9th over - 0 run(s), 1 hit(s), 0 error(s), 2 left on base; Phoenix 10 - California 6
This league is powered by Out of the Park Baseball, the baseball management simulation game for PC, Mac and Linux
Friday, January 22nd, 2016 - OOTP Baseball 16.9 Build 39